 Dungeon Crawl Stone Soup version 0.29-a0-322-g68df515428 (webtiles) character file.

Game seed: 3772554408344951546

164 Bnni the Ruffian (level 5, 37/37 HPs)
             Began as an Octopode Fighter on Apr 5, 2022.
             Quit the game on level 2 of the Dungeon.
             The game lasted 00:02:03 (987 turns).

Bnni the Ruffian (Octopode Fighter)                  Turns: 987, Time: 00:02:04

Health: 37/37      AC:  1    Str: 15    XL:     5   Next: 45%
Magic:  5/5        EV: 13    Int: 11    God:
Gold:   14         SH:  4    Dex: 13    Spells: 4/4 levels left

rFire   . . .      SeeInvis .     - Unarmed
rCold   . . .      Faith    .   a - +0 buckler
rNeg    . . .      Spirit   .   (helmet restricted)
rPois   .          Reflect  .   (no amulet)
rElec   .          Harm     .   (no ring)
rCorr   .          Rampage  .   (no ring)
Will    .....                   (no ring)
Stlth   ++........              (no ring)
HPRegen 0.12/turn               (no ring)
MPRegen 0.09/turn               (no ring)
                                (no ring)
                                (no ring)

@: no status effects
A: almost no armour, amphibious, 8 rings, camouflage 1, gelatinous body 1,
(nimble swimmer 1), tentacles
a: no special abilities


You were on level 2 of the Dungeon.
You visited 1 branch of the dungeon, and saw 2 of its levels.

You collected 14 gold pieces.

Inventory:

Armour
 a - a +0 buckler (worn)
Jewellery
 g - an amulet of magic regeneration
Scrolls
 c - a scroll of teleportation {unknown}
 e - a scroll of amnesia {unknown}
 f - a scroll of identify {unknown}
 h - a scroll of enchant armour {unknown}
Potions
 b - a potion of might
 d - 3 potions of curing {unknown}


   Skills:
 + Level 4.2 Fighting
 - Level 3.0 Dodging
 - Level 3.0 Shields
 * Level 4.6 Unarmed Combat


You had 4 spell levels left.
You didn't know any spells.
Your spell library was empty.

Dungeon Overview and Level Annotations

Branches:
Dungeon (2/15)

Altars:


Innate Abilities, Weirdness & Mutations

You cannot wear most types of armour.
You are amphibious.
You can wear up to eight rings at the same time.
Your skin changes colour to match your surroundings (Stealth+).
Your rubbery body absorbs attacks. (AC +1, EV +1)
((You are camouflaged when in or above water. (Stealth+)))
You have tentacles for arms and can constrict up to eight enemies at once.


Message History

You constrict Sigmund, but do no damage.
Sigmund gestures at you while chanting. The puff of flame hits you!
Ouch! That really hurt!
* * * LOW HITPOINT WARNING * * *
Okay, then.
You tentacle-slap Sigmund but do no damage.
You squeeze Sigmund!
Sigmund is heavily wounded.
You constrict Sigmund. Sigmund misses you.
You completely miss Sigmund. You squeeze Sigmund.
Sigmund is almost dead.
You constrict Sigmund. You tentacle-slap Sigmund.
You kill Sigmund!
Your Fighting skill increases to level 4!
Your Unarmed Combat skill gained 2 levels and is now at level 4!
You have reached level 3!
Your experience leads to an increase in your attributes!
Increase (S)trength, (I)ntelligence, or (D)exterity?
You feel agile. x2
You have reached level 4!
You have reached level 5!
You feel clever.
Things that are here:
a +0 scythe; a +0 robe; the human corpse of Sigmund You start resting.
HP restored.
Nothing quivered!
Nothing quivered!
You now have 14 gold pieces (gained 5).
Found 4 javelins.
A goblin comes into view. It is wielding a +0 dagger.
The goblin shouts!
The goblin unwields a +0 dagger.
The goblin wields a +0 hunting sling.
The goblin shoots a sling bullet.
The sling bullet misses you.
Are you sure you want to abandon this character and quit the game? (Confirm with "yes".)
Okay, then.
Unknown command.
Are you sure you want to abandon this character and quit the game? (Confirm with "yes".)

#.# #.# #.# #.# ###
#.# ... ..# ##.## #.#
#$# ##...## ##.# #.#
##.###.## ##..#
#.###.## ##.#
##g#...###.#...# #.#
+...(@.........#####..
##.....$...#.#.......#
#.##.##.###.#.......#
# #.##.# #.#.....#.#
#..#.# #.#.....#.#
##.#.# #.#.....#.#
...# #.).......# .###
#####.##### #.#


You could see a goblin.

Vanquished Creatures
  Sigmund (D:2)
  A dart slug (D:1)
  4 hobgoblins (D:1)
  A kobold (D:1)
  A bat (D:2)
  3 goblins (D:1)
  A rat (D:2)
12 creatures vanquished.

Notes
Turn   | Place    | Note
-------+----------+-------------------------------------------
     0 | D:1      | Bnni the Octopode Fighter began the quest for the Orb.
     0 | D:1      | Reached XP level 1. HP: 16/16 MP: 1/1
    95 | D:1      | Found a faded altar of an unknown god.
   189 | D:1      | Reached XP level 2. HP: 21/21 MP: 2/2
   677 | D:2      | Noticed Sigmund
   689 | D:2      | Killed Sigmund
   690 | D:2      | Reached XP level 3. HP: 3/27 MP: 3/3
   690 | D:2      | Reached XP level 4. HP: 4/33 MP: 4/4
   690 | D:2      | Reached XP level 5. HP: 4/37 MP: 5/5
   987 | D:2      | Quit the game

Illustrated notes

Levels and vault maps discovered:
D:1:      mainiacjoe_arrival_reflecting_pool, layout_rooms,
          dreamdust_ecumenical_altar_statues
D:2:      layout_loops_corners, uniq_sigmund

Skill      XL: |  1  2 |
---------------+-------+-----
Fighting       | 4 |  4.2
Unarmed Combat | 4 |  4.6
Dodging        | |  3.0
Shields        | |  3.0

Action                   |  1- 3 |  4- 6 || total
-------------------------+-------+-------++-------
Melee: Unarmed           |    34 |       ||    34
       Constrict         |     8 |       ||     8
       Tentacles         |     6 |       ||     6
 Stab: Sleeping          |     3 |       ||     3
Dodge: Dodged            |    11 |     1 ||    12
Block: Buckler           |     2 |       ||     2

Table legend: (Time is in decaauts)
 A = Elapsed time spent in this place.
 B = Non-inter-level travel time spent in this place.
 C = Inter-level travel time spent in this place.
 D = Time resting spent in this place.
 E = Time spent auto-exploring this place.
 F = Levels seen in this place.
 G = Mean time per level.
                   A        B        C        D        E       F      G
               +--------+--------+--------+--------+--------+-----+--------+
         Total |    986 |    980 |      6 |    274 |    607 |   2 |  493.0 |
       Dungeon |    986 |    980 |      6 |    274 |    607 |   2 |  493.0 |
               +--------+--------+--------+--------+--------+-----+--------+

Top non-repeatable levels by time:
     D:1: 648 daAuts
     D:2: 337 daAuts
